 Dungeon Crawl Stone Soup version 0.31.0-1-g2c135a0 (webtiles) character file.

Game seed: 12141237207247785183

607 AOT807A the Poker (level 7, -6/67 HPs)
             Began as a Troll Cinder Acolyte on Mar 8, 2024.
             Was an Initiate of Ignis.
             Mangled by a two-headed ogre
             ... wielding a +0 giant club
              (15 damage)
             ... on level 8 of the Dungeon.
             The game lasted 00:15:52 (2739 turns).

AOT807A the Poker (Troll Cinder Acolyte)            Turns: 2739, Time: 00:15:52

Health: -6/67      AC:  4    Str: 23    XL:     7   Next: 19%
Magic:  8/8        EV:  9    Int: 12    God:    Ignis [......]
Gold:   105        SH:  0    Dex:  5    Spells: 4/9 levels left

rFire   + . .        a - -1 spear (flame)
rCold   . . .        (no shield)
rNeg    . . .        b - +0 robe
rPois   .            (helmet restricted)
rElec   .            (no cloak)
rCorr   .            (gloves unavailable)
SInv    .            (boots unavailable)
Will    .....        (no amulet)
Stlth   +            (no ring)
HPRegen 1.11/turn    (no ring)
MPRegen 0.11/turn

%: no passive effects
@: no status effects
A: large, unfitting armour, claws 3, regeneration 1, shaggy fur 1, tough skin 1
a: Renounce Religion


You were on level 8 of the Dungeon.
You worshipped Ignis.
Ignis was noncommittal.
You visited 1 branch of the dungeon, and saw 8 of its levels.

You collected 105 gold pieces.

Inventory:

Hand Weapons
 a - a -1 spear of flaming (weapon)
 d - a +0 dagger
 f - a +0 club
 h - a +0 hand axe
 i - a +0 club
 l - a +0 club
 m - a +0 dagger
 n - a +0 dagger
 o - a +0 flail of protection
 r - a +0 club
 s - a +0 trident
 B - a +0 long sword of protection
Missiles
 e - 12 stones
Armour
 b - a +0 robe (worn)
 c - a +0 robe
 g - a +0 chain mail
 k - a +0 chain mail
 p - a +0 leather armour
Jewellery
 z - a ring of wizardry
Wands
 y - a wand of polymorph (1) (quivered)
Scrolls
 j - 2 scrolls of teleportation
 v - a scroll of noise {unknown}
 x - a scroll of identify
 A - a scroll of brand weapon {unknown}
Potions
 q - a potion of resistance {unknown}
 t - a potion of brilliance {unknown}
 u - 2 potions of enlightenment
 w - 2 potions of curing {unknown}


   Skills:
 + Level 3.6 Fighting
 + Level 4.0 Polearms
 + Level 0.6 Throwing
 + Level 2.1 Dodging
 + Level 0.2 Stealth
 + Level 1.9 Spellcasting
 + Level 3.2 Fire Magic
 + Level 1.1 Evocations


You had 4 spell levels left.
You knew the following spells:

 Your Spells              Type           Power      Damage    Failure   Level
a - Scorch                Fire           18%        2d5       11%         2
b - Fugue of the Fallen   Necr           1%         N/A       63%         3

Your spell library contained the following spells:

 Spells                   Type           Power      Damage    Failure   Level
 Frozen Ramparts          Ice            2%         1d1       63%         3
 Ozocubu's Armour         Ice            1%         N/A       63%         3
 Leda's Liquefaction      Alch/Erth      0%         N/A       95%         4
 Manifold Assault         Tloc           1%         N/A       95%         4
 Petrify                  Alch/Erth      1%         N/A       95%         4
 Metabolic Englaciation   Hex/Ice        0%         N/A       100%        5


Dungeon Overview and Level Annotations

Branches:
Dungeon (8/15)
 Temple: D:4-7         Lair: D:8-11

Altars:
Makhleb

Shops:
D:2 (   D:7 :

Annotations:
D:6 3 runed translucent doors, Jeremiah


Innate Abilities, Weirdness & Mutations

You are too large for most types of armour.
You have claws for hands.
Your natural rate of healing is unusually fast.
You are covered in fur. (AC +1)
You have tough skin. (AC +1)


Message History

You pick up a book of Battle and begin reading...
You add the spells Fugue of the Fallen, Ozocubu's Armour and Manifold Assault to your library.
This spell is dangerous to cast!
You start memorising the spell.
You continue memorising. x3
You finish memorising.
Spell assigned to 'b'.
Found a stone staircase leading down.
You see here a +0 quarterstaff.
There is a stone staircase leading down here.
You climb downwards.
You hear the roar of battle.
There is an entrance to a bailey on this level.
Hurry and find it before the portal closes forever!
Found 16 gold pieces and a runed long sword.
There is a stone staircase leading up here.
You now have 105 gold pieces (gained 16).
A two-headed ogre comes into view. It is wielding two +0 giant clubs.
The two-headed ogre shouts in stereo!
There is a stone staircase leading up here.
You see here a +0 long sword of protection.
B - a +0 long sword of protection The two-headed ogre completely misses you.
The two-headed ogre hits you with a +0 giant club!!
The two-headed ogre attacks as it pursues you!
The two-headed ogre hits you with a +0 giant club!!
The two-headed ogre hits you with a +0 giant club!
The two-headed ogre attacks as it pursues you!
The two-headed ogre barely misses you. x2
Casting: Scorch (safe; 11% risk of failure)
Confirm with . or Enter, or press ? or * to list all spells.
Flames lash the two-headed ogre.
The two-headed ogre is lightly wounded.
The two-headed ogre's fire resistance burns away.
The two-headed ogre attacks as it pursues you!
The two-headed ogre closely misses you.
The two-headed ogre hits you with a +0 giant club!!
* * * LOW HITPOINT WARNING * * *
The two-headed ogre is no longer more vulnerable to fire.
The two-headed ogre hits you with a +0 giant club!!
* * * LOW HITPOINT WARNING * * *
The two-headed ogre hits you with a +0 giant club!
You die...

##..#####.#
..###.........#
#...........###
#.#.#.......#
#.#.......# #
#.......#
#.......#
#.....O.##
####...@.#
#####.###
#....<.#
......#.#.#
.###..#.#.#
#.........O..#
#.....#.#......
........#......
##.#...###
.....


You could see a two-headed ogre.

Vanquished Creatures
  Edmund (D:4)
  A black bear (D:7)
  A scorpion (D:4)
  2 bullfrogs (D:6)
  2 howler monkeys
  A bombardier beetle (D:7)
  A hound (D:4)
  An iguana (D:3)
  2 adders (D:2)
  A white imp (D:3)
  2 ribbon worms
  An orc (D:5)
  3 ball pythons
  3 endoplasms
  A giant cockroach (D:4)
  3 goblins
  3 hobgoblins
  3 kobolds
  A bat (D:2)
  3 frilled lizards (D:2)
  3 rats
39 creatures vanquished.

Vanquished Creatures (others)
  64 foxfires
64 creatures vanquished.

Grand Total: 103 creatures vanquished

Notes
Turn   | Place    | Note
-------+----------+-------------------------------------------
     0 | D:1      | AOT807A the Troll Cinder Acolyte began the quest for the
                  | Orb.
     0 | D:1      | Reached XP level 1. HP: 22/22 MP: 1/1
   132 | D:2      | Reached XP level 2. HP: 29/29 MP: 2/2
   172 | D:2      | Learned a level 2 spell: Scorch
   173 | D:2      | Found Vutacug's Antique Weapon Emporium.
   860 | D:2      | Reached XP level 3. HP: 36/36 MP: 3/3
   902 | D:2      | You fall into a shaft and drop 1 floor!
   970 | D:4      | Noticed a scorpion
   981 | D:3      | Reached skill level 3 in Polearms
   981 | D:3      | Reached XP level 4. HP: 11/45 MP: 1/4
  1023 | D:4      | Killed a scorpion
  1024 | D:4      | Reached XP level 5. HP: 53/53 MP: 5/5
  1271 | D:4      | Noticed Edmund
  1294 | D:4      | Killed Edmund
  1360 | D:4      | Reached skill level 1 in Dodging
  1360 | D:4      | Reached XP level 6. HP: 61/61 MP: 4/7
  1895 | D:5      | Entered Level 5 of the Dungeon
  2104 | D:6      | Found a burning altar of Makhleb.
  2332 | D:6      | an adder changed into a swamp drake
  2332 | D:6      | Noticed a swamp drake
  2339 | D:6      | Noticed a water moccasin
  2341 | D:6      | Found a runed translucent gate.
  2341 | D:6      | Found a runed translucent gate.
  2341 | D:6      | Found a runed translucent gate.
  2341 | D:6      | Noticed a sky beast
  2360 | D:6      | HP: 2/61 [bullfrog (5)]
  2364 | D:6      | Reached skill level 4 in Polearms
  2484 | D:6      | Noticed Jeremiah
  2493 | D:7      | Found Hetout Poamp's Book Boutique.
  2525 | D:7      | Reached skill level 1 in Evocations
  2525 | D:7      | Reached XP level 7. HP: 32/67 MP: 5/8
  2678 | D:7      | Learned a level 3 spell: Fugue of the Fallen
  2697 | D:8      | Noticed a two-headed ogre
  2739 | D:8      | Mangled by a two-headed ogre

Illustrated notes

Levels and vault maps discovered:
D:1:      mainiacjoe_arrival_reflecting_pool, layout_basic
D:2:      layout_rooms, serial_shops, shop
D:3:      layout_basic, basic_ecumenical_altar, dk_noncrumbling_2
D:4:      layout_basic, mainiacjoe_overflow_alcove_1, uniq_robin, uniq_edmund
D:5:      layout_gridville, temple_fountains
D:6:      layout_basic, lemuel_crystal_altar, gammafunk_ghost_split,
          serial_curves, eino_curves_03, eino_curves_04, grunt_potential,
          uniq_jeremiah, uniq_eustachio
D:7:      layout_basic, serial_shops, shop
D:8:      layout_loops_cross, cheibrodos_ashenzari_chains, enter_bailey_5

Skill      XL: |  1  2  3  4  5  6 |
---------------+-------------------+-----
Fighting       | 3 |  3.6
Polearms       | 3 4 |  4.0
Dodging        | 1 2 |  2.1
Fire Magic     | 3 |  3.2
Evocations     | 1 |  1.1
Throwing       | |  0.6
Stealth        | |  0.2
Spellcasting   | |  1.9

Action                     |  1- 3 |  4- 6 |  7- 9 || total
---------------------------+-------+-------+-------++-------
  Melee: Spear             |    75 |    49 |     4 ||   128
         Punch             |     1 |       |       ||     1
  Throw: Stone             |     6 |       |       ||     6
   Cast: Scorch            |     4 |    11 |     1 ||    16
 Invoke: Foxfire Swarm     |     3 |     5 |       ||     8
         Rising Flame      |     1 |       |       ||     1
         Fiery Armour      |       |     1 |       ||     1
  Evoke: Wand              |     1 |    19 |       ||    20
    Use: Scroll            |     1 |     1 |       ||     2
         Potion            |       |     2 |       ||     2
 Armour: Robe              |    59 |    82 |     6 ||   147
  Dodge: Dodged            |    32 |    45 |     4 ||    81
